Cogmind - Beta 15 @@@ ROGUE MODE // 2025.06.29 @ 10:12:19 Player: LightKnight Result: Destroyed by B-99 Colossus with Linear Accelerator Performance ------------- Evolutions (9) 4500 Regions Visited (26) 5200 Robots Destroyed (165) 825 Value Destroyed (13671) 13671 Prototype IDs (47) 940 Alien Tech Used (0) 0 Bonus (19648) 19648 TOTAL SCORE: 44784 Bonus ------- High Alert Combat Kills 1044 Follower Combat Kills 10304 Entered Garrisons 2000 Used RIF Installer 6000 Aligned with FarCom 300 Cogmind --------- Core Integrity 0/1600 Matter 300/300 Energy 100/100 System Corruption 2% Temperature Cool (0) Movement Core (50) Location -1/Command Parts ------- > --- POWER (1) -------- (None) > --- PROPULSION (4) --- (None) > --- UTILITY (18) ----- Enhanced Optical Array Relay Coupler [C] (14) Relay Coupler [C] (34) Relay Coupler [Cutter] (29) Relay Coupler [Sentry] (24) > --- WEAPON (2) ------- (None) > --- INVENTORY (5) ---- Active Sensor Suite Relay Coupler [Swarmer] (31) Advanced Datajack Peak State ------------ > --- POWER ------------ Reinforced Quantum Reactor > --- PROPULSION ------- Biometal Leg Centrium Leg Centrium Leg Centrium Leg > --- UTILITY ---------- Cargo Storage Unit Enhanced Optical Array Relay Coupler [NC] Relay Coupler [C] Relay Coupler [C] Relay Coupler [C] Relay Coupler [C] Relay Coupler [C] Relay Coupler [C] Relay Coupler [C] Relay Coupler [Cutter] Relay Coupler [Sentry] Relay Coupler [Demolisher] Relay Coupler [Specialist] Relay Coupler [Hunter] Relay Coupler [Heavy] Relay Coupler [Proto] > --- WEAPON ----------- Enhanced Nova Cannon Advanced Remote Datajack > --- INVENTORY -------- Quantum Reactor Centrium Leg Experimental Biometal Leg Active Sensor Suite Relay Coupler [NC] Relay Coupler [NC] Relay Coupler [NC] Relay Coupler [C] Relay Coupler [C] Relay Coupler [C] Relay Coupler [Swarmer] Relay Coupler [Grunt] Relay Coupler [Grunt] Relay Coupler [Sentry] Relay Coupler [Specialist] Relay Coupler [Hunter] Relay Coupler [Hunter] Relay Coupler [Heavy] Relay Coupler [Heavy] Relay Coupler [Heavy] Long-range Missile Launcher Advanced Datajack Advanced Remote Datajack Advanced Remote Datajack Field Lobotomy Kit [Rating: 178] Favorites ----------- Power Reinforced Quantum Reactor Engine Reinforced Deuterium Engine Power Core Light Nuclear Core Reactor Reinforced Quantum Reactor Propulsion Centrium Leg Treads Advanced Treads Leg Centrium Leg Wheel Armored Huge Wheel Utility Relay Coupler [C] Device Improved Heat Sink Storage Cargo Storage Unit Processor Enhanced Optical Array Hackware Relay Coupler [C] Protection Heavy Insulated Plating Weapon Advanced Remote Datajack Energy Gun Gatling Laser Energy Cannon Nova Cannon Ballistic Gun Heavy Machine Gun Launcher Heavy Rocket Launcher Special Weapon Advanced Remote Datajack Special Melee Weapon Datajack Build | -11 -10 -10 -10 -9 -8 -8 -8 -8 -7 -7 -6 -6 -5 -5 -5 -5 -4 -4 -3 -3 -3 -3 -2 -2 -1 -1 ------- Run | Yrd Mat Min Exi Min Mat Gar Mat Gar Fac Gar Fac Gar Fac Gar Fac Gar Fac Gar Res Gar Res Gar Res Gar Acc Com Slots Evolved 18 | . . . . . 4 . . . 2 . 2 . 2 . . . 2 . 2 . . . 2 . 2 . Power . | . . . . . . . . . . . . . . . . . . . . . . . . . . . Propulsion 2 | . . . . . 1 . . . . . 1 . . . . . . . . . . . . . . . Utility 16 | . . . . . 3 . . . 2 . 1 . 2 . . . 2 . 2 . . . 2 . 2 . Weapon . | . . . . . . . . . . . . . . . . . . . . . . . . . . . Parts Attached 164 | . 7 5 2 3 18 7 8 3 5 6 3 12 7 4 . 11 4 2 1 20 . 5 . 16 13 2 Power 12 | . 1 1 . . 2 . . 1 . 1 . 2 . . . . . . . 4 . . . . . . Engine 3 | . 1 . . . 1 . . . . . . 1 . . . . . . . . . . . . . . Core 5 | . . 1 . . 1 . . 1 . 1 . 1 . . . . . . . . . . . . . . Reactor 4 | . . . . . . . . . . . . . . . . . . . . 4 . . . . . . Propulsion 33 | . 2 1 . . 5 1 5 . 2 . 1 1 . . . 2 . . 1 7 . . . 2 3 . Treads 18 | . 2 1 . . 5 1 5 . 1 . . . . . . 2 . . . 1 . . . . . . Leg 11 | . . . . . . . . . . . . . . . . . . . . 6 . . . 2 3 . Wheel 4 | . . . . . . . . . 1 . 1 1 . . . . . . 1 . . . . . . . Hover . | . . . . . . . . . . . . . . . . . . . . . . . . . . . Flight . | . . . . . . . . . . . . . . . . . . . . . . . . . . . Utility 89 | . 3 1 . . 9 2 2 2 3 4 2 7 6 3 . 6 4 1 . 8 . 5 . 12 7 2 Device 12 | . 1 1 . . 3 1 1 1 . 1 . 1 1 . . . . . . . . . . . . 1 Storage 4 | . 1 . . . 1 . . . 1 . . 1 . . . . . . . . . . . . . . Processor 6 | . . . . . 3 . . 1 . . 1 . . . . . . . . 1 . . . . . . Hackware 56 | . . . . . . . . . 1 3 1 4 4 2 . 6 3 1 . 6 . 5 . 12 7 1 Protection 11 | . 1 . . . 2 1 1 . 1 . . 1 1 1 . . 1 . . 1 . . . . . . Artifact . | . . . . . . . . . . . . . . . . . . . . . . . . . . . Weapon 30 | . 1 2 2 3 2 4 1 . . 1 . 2 1 1 . 3 . 1 . 1 . . . 2 3 . Energy Gun 10 | . 1 2 1 1 1 3 . . . . . . 1 . . . . . . . . . . . . . Energy Cannon 4 | . . . . 1 1 . . . . . . . . . . 1 . . . . . . . . 1 . Ballistic Gun 2 | . . . . . . . . . . . . . . . . . . . . 1 . . . 1 . . Ballistic Cannon . | . . . . . . . . . . . . . . . . . . . . . . . . . . . Launcher 4 | . . . . 1 . 1 1 . . . . . . . . 1 . . . . . . . . . . Special Weapon 8 | . . . . . . . . . . 1 . 2 . 1 . 1 . 1 . . . . . 1 1 . Impact Weapon . | . . . . . . . . . . . . . . . . . . . . . . . . . . . Slashing Weapon . | . . . . . . . . . . . . . . . . . . . . . . . . . . . Piercing Weapon . | . . . . . . . . . . . . . . . . . . . . . . . . . . . Special Melee Weapon 2 | . . . 1 . . . . . . . . . . . . . . . . . . . . . 1 . Unidentified Prototypes 3 | . . . . . . 1 . . . . 1 . . . . . . . . . . . . . 1 . Parts Lost 65 | . 2 1 . . . 2 4 . . 6 1 7 1 . . . 1 . . 10 . 1 . 6 7 16 Power 8 | . 1 . . . . . 1 . . 2 . 2 . . . . . . . 1 . . . . . 1 Propulsion 17 | . . 1 . . . 1 2 . . . . 1 . . . . . . . 4 . . . 1 3 4 Utility 25 | . . . . . . 1 1 . . 2 . 2 . . . . 1 . . 3 . 1 . 2 2 10 Weapon 15 | . 1 . . . . . . . . 2 1 2 1 . . . . . . 2 . . . 3 2 1 Highest Loss Streak 15 | . 1 1 . . . 1 1 . . 4 1 3 1 . . . 1 . . 4 . 1 . 2 2 15 To Critical Strikes 4 | . . . . . . . 1 . . . . . . . . . . . . 1 . . . 1 1 . Average Backups 22 | . 8 11 14 14 19 18 17 17 16 18 21 20 18 23 28 27 25 27 27 28 26 28 29 29 25 23 Power . | . . . 1 1 1 1 . . 1 . . . . . . . . . . . 1 1 1 1 1 . Propulsion 1 | . 3 2 3 1 4 4 2 3 2 2 1 . . . . . . . . . 1 1 1 1 1 1 Utility 15 | . 1 3 3 4 2 4 8 8 7 10 15 14 14 20 25 24 22 23 22 23 21 23 24 24 19 15 Weapon 2 | . 1 3 5 6 8 5 4 3 3 3 1 2 1 1 1 1 1 1 1 1 2 2 2 1 1 . Tool/Special . | . . . . . . . . . . . . . . . . . . . . . . . . . . . Unused Backups 65 | . 4 2 . 2 3 4 4 . 2 . . 2 . 9 . 4 . 2 . 5 . 3 . . . 19 Power 3 | . . . . . 1 . . . . . . . . . . . . . . 1 . . . . . 1 Propulsion 11 | . 2 . . 2 1 2 1 . 2 . . . . . . . . . . . . . . . . 1 Utility 43 | . 2 . . . . 1 2 . . . . 2 . 9 . 3 . 2 . 4 . 3 . . . 15 Weapon 5 | . . 2 . . 1 1 1 . . . . . . . . . . . . . . . . . . . Tool/Special 3 | . . . . . . . . . . . . . . . . 1 . . . . . . . . . 2 Average Slot Usage (%) 87 | . 98 100 90 100 97 99 99 100 86 82 71 78 78 75 76 77 77 79 76 77 90 88 82 88 93 93 Engine 2 | . 13 2 . . . . 5 3 . 1 6 2 5 5 5 5 5 5 4 . . . . . . . Core 2 | . . 11 14 14 8 9 3 5 7 5 . 3 . . . . . . . . . . . . . . Reactor 1 | . . . . . . . . . . . . . . . . . . . . 3 4 4 4 4 4 3 Treads 9 | . 22 28 28 28 27 26 27 27 12 7 . . . . . 2 10 10 6 3 . . . . . . Leg 5 | . 5 . . . . . . . . . . . . . . . . . . 6 19 19 17 17 15 15 Wheel 3 | . . . . . . . . . 4 7 12 13 11 11 11 9 5 5 6 2 . . . . . . Device 5 | . 11 14 14 14 18 18 18 18 15 8 6 2 . . . . . . . . . . . . . . Storage 6 | . 14 14 14 14 9 9 9 9 7 7 6 6 5 5 5 5 5 5 4 4 4 4 4 4 4 3 Processor 4 | . . . . . 9 9 9 12 10 . 4 6 5 5 5 5 5 5 4 4 4 4 4 4 4 4 Hackware 26 | . . . . . . . . . 7 21 25 26 31 29 29 31 31 32 33 40 42 40 39 49 58 57 Protection 3 | . 1 . . . 6 8 8 5 4 6 . 2 5 5 5 3 4 5 4 . 4 4 4 . . . Energy Gun 6 | . 28 28 15 15 15 14 14 7 7 2 6 2 5 5 5 . . . . . . . . . . . Energy Cannon 2 | . . . . 12 2 2 3 10 3 5 1 2 . . . 4 5 1 2 . . . . . 1 3 Special Weapon 3 | . . . . . . . . . . 5 . 5 4 4 5 5 5 8 6 7 9 9 8 4 3 3 Peak Build Rating 178 | . 7 15 16 21 39 39 39 40 48 49 50 64 67 74 74 84 84 84 86 115 115 117 116 156 177 178 Average Rating 74 | . 6 12 13 20 35 37 38 38 43 46 48 55 63 70 74 79 81 83 83 83 114 112 116 119 166 171 On Entrance 65 | 6 6 7 15 16 21 39 37 39 40 48 40 50 58 63 74 74 84 83 84 82 115 114 116 116 156 177 Naked Turns . | . . . . . . . . . . . . . . . . . . . . . . . . . . . Heaviest Build 197 | 12 28 32 32 38 86 65 65 65 119 118 99 165 177 179 179 187 187 187 187 197 197 197 197 197 188 190 Greatest Support 118 | 20 40 40 40 40 66 66 66 64 64 28 56 56 56 56 56 60 28 28 44 113 113 113 113 113 118 118 Greatest Overweight (x) 10 | . . 1 . . 1 . . 1 4 4 1 2 3 3 3 6 6 6 6 10 1 1 1 2 2 1 Average Overweight (x) 1 | . . . . . . . . . 2 3 1 1 2 3 3 4 6 6 4 4 1 1 1 1 1 . Largest Inventory Capacity 30 | . 15 15 15 15 20 20 20 20 25 25 25 30 30 30 30 30 30 30 30 30 30 30 30 30 30 30 Average Capacity 25 | . 13 15 15 15 19 20 20 20 23 25 25 28 30 30 30 30 30 30 30 30 30 30 30 30 30 29 Most Carried 30 | . 10 15 15 15 20 20 20 20 20 25 25 27 22 30 30 30 29 30 29 30 27 30 29 30 29 27 Average Carried 23 | . 8 11 14 14 19 19 19 19 18 22 24 23 20 26 30 29 27 28 28 28 26 28 29 29 25 25 Final Capacity 30 | 8 15 15 15 15 20 20 20 20 25 25 25 30 30 30 30 30 30 30 30 30 30 30 30 30 30 5 Final Carried 30 | 6 8 14 14 15 20 20 20 20 19 25 25 22 21 30 30 30 25 28 28 27 26 29 29 30 26 5 Class Distribution -------------------- 64% | Botlord-Mutant 16% | Mutant 12% | Bothacker-Mutant 6% | Scavenger-Mutant Dominant Class ---------------- Mutant | -10/Materials Mutant | -10/Mines Mutant | -10/Exiles Mutant | -9/Mines Scavenger-Mutant | -8/Materials Mutant | -8/Garrison Bothacker-Mutant | -8/Materials Bothacker-Mutant | -8/Garrison Bothacker-Mutant | -7/Factory Bothacker-Mutant | -7/Garrison Botlord-Mutant | -6/Factory Botlord-Mutant | -6/Garrison Botlord-Mutant | -5/Factory Botlord-Mutant | -5/Garrison Botlord-Mutant | -5/Factory Botlord-Mutant | -5/Garrison Botlord-Mutant | -4/Factory Botlord-Mutant | -4/Garrison Botlord-Mutant | -3/Research Botlord-Mutant | -3/Garrison Botlord-Mutant | -3/Research Botlord-Mutant | -3/Garrison Botlord-Mutant | -2/Research Botlord-Mutant | -2/Garrison Botlord-Mutant | -1/Access Botlord-Mutant | -1/Command Resources | -11 -10 -10 -10 -9 -8 -8 -8 -8 -7 -7 -6 -6 -5 -5 -5 -5 -4 -4 -3 -3 -3 -3 -2 -2 -1 -1 ----------- Run | Yrd Mat Min Exi Min Mat Gar Mat Gar Fac Gar Fac Gar Fac Gar Fac Gar Fac Gar Res Gar Res Gar Res Gar Acc Com Matter Collected 6094 | 169 91 50 . 70 226 135 104 66 . 230 . 320 226 124 . 956 253 133 117 753 . 899 5 667 335 165 Remotely . | . . . . . . . . . . . . . . . . . . . . . . . . . . . Salvage Created 6658 | . 555 93 . 211 1291 878 1075 758 . 826 . . 268 . . 293 . . 141 117 . . . 67 85 . Parts 377 | . 22 6 . 11 97 54 68 41 . 32 . . 6 . . 22 . . 3 3 . . . 4 8 . Haulers Intercepted 5 | . 2 . . . 2 . 1 . . . . . . . . . . . . . . . . . . . Recyclers Shooed 2 | . 1 . . . . . . . . . . . . . . . . . 1 . . . . . . . Parts Field Recycled . | . . . . . . . . . . . . . . . . . . . . . . . . . . . Retrieved Matter . | . . . . . . . . . . . . . . . . . . . . . . . . . . . Parts Self-Destructed . | . . . . . . . . . . . . . . . . . . . . . . . . . . . Prevented . | . . . . . . . . . . . . . . . . . . . . . . . . . . . Kills | -11 -10 -10 -10 -9 -8 -8 -8 -8 -7 -7 -6 -6 -5 -5 -5 -5 -4 -4 -3 -3 -3 -3 -2 -2 -1 -1 ------- Run | Yrd Mat Min Exi Min Mat Gar Mat Gar Fac Gar Fac Gar Fac Gar Fac Gar Fac Gar Res Gar Res Gar Res Gar Acc Com Combat Hostiles Destroyed 138 | . 11 2 . 9 29 21 22 21 . 11 . . 4 . . 4 . . . 2 . . . 1 1 . Guns 98 | . 9 2 . 5 24 20 16 11 . 7 . . 2 . . . . . . 1 . . . 1 . . Cannons 29 | . . . . 2 5 1 3 10 . 4 . . . . . 2 . . . 1 . . . . 1 . AOE 7 | . . . . 2 . . 2 . . . . . 2 . . 1 . . . . . . . . . . Classes Destroyed 17 | . 4 1 . 1 3 . 3 1 . . . . . . . 3 . . 1 . . . . . . . Worker 7 | . . . . . 2 . 4 . . . . . . . . . . . . . . . . . 1 . Builder 2 | . . . . . 1 . 1 . . . . . . . . . . . . . . . . . . . Hauler 5 | . 2 . . . 2 . 1 . . . . . . . . . . . . . . . . . . . Recycler 1 | . . . . . . . . . . . . . . . . . . . 1 . . . . . . . Watcher 7 | . 3 . . . 3 1 . . . . . . . . . . . . . . . . . . . . Swarmer 36 | . 3 . . 2 10 7 3 7 . 4 . . . . . . . . . . . . . . . . Cutter 2 | . . . . . . . . . . . . . . . . 2 . . . . . . . . . . Grunt 54 | . 8 1 . 6 9 7 11 4 . 5 . . 2 . . 1 . . . . . . . . . . Brawler 4 | . . . . . 1 . 2 . . . . . 1 . . . . . . . . . . . . . Protector 1 | . . . . . . . 1 . . . . . . . . . . . . . . . . . . . Sentry 30 | . . 1 . . 9 7 4 5 . 4 . . . . . . . . . . . . . . . . Demolisher 1 | . . . . 1 . . . . . . . . . . . . . . . . . . . . . . Specialist 1 | . . . . . . . . . . . . . . . . 1 . . . . . . . . . . Hunter 1 | . . . . . . . . . . . . . . . . 1 . . . . . . . . . . Programmer 9 | . . . . . . . . 5 . . . . 1 . . . . . . 2 . . . . 1 . Heavy 1 | . . . . . . . 1 . . . . . . . . . . . . . . . . . . . Behemoth 1 | . . . . . . . . . . . . . . . . 1 . . . . . . . . . . Thug 1 | . . . . . . . . . . . . . . . . . . . . . . . . 1 . . Guerrilla 1 | . . . . . . . 1 . . . . . . . . . . . . . . . . . . . Best Kill Streak 9 | . 4 1 . 3 9 6 8 5 . 3 . . 2 . . 2 . . 1 1 . . . 1 1 . Combat Bots Only 9 | . 4 1 . 3 9 6 5 5 . 3 . . 2 . . 2 . . . 1 . . . 1 1 . Max Kills in Single Turn 4 | . 1 1 . 2 2 2 4 2 . 1 . . 2 . . 2 . . 1 1 . . . 1 1 . Gunslinging 1 | . . . . . . 1 1 1 . . . . . . . . . . . . . . . . . . Exploded 2 | . . . . 2 . . 1 . . . . . 2 . . 1 . . . . . . . . . . Melee . | . . . . . . . . . . . . . . . . . . . . . . . . . . . Uniques/NPCs Destroyed . | . . . . . . . . . . . . . . . . . . . . . . . . . . . Combat | -11 -10 -10 -10 -9 -8 -8 -8 -8 -7 -7 -6 -6 -5 -5 -5 -5 -4 -4 -3 -3 -3 -3 -2 -2 -1 -1 -------- Run | Yrd Mat Min Exi Min Mat Gar Mat Gar Fac Gar Fac Gar Fac Gar Fac Gar Fac Gar Res Gar Res Gar Res Gar Acc Com Hostile Shots Fired 1143 | . 62 26 . 12 68 64 82 78 . 185 . 69 44 2 . 47 11 7 12 84 2 46 . 55 48 139 Missed 381 | . 23 8 . 4 27 24 31 19 . 64 . 23 16 1 . 15 9 3 8 22 1 19 . 8 15 41 Hits 762 | . 39 18 . 8 41 40 51 59 . 121 . 46 28 1 . 32 2 4 4 62 1 27 . 47 33 98 Melee 11 | . . . . . . . . . . . . 3 . . . . . . . . . . . . 3 5 Projectile 751 | . 39 18 . 8 41 40 51 59 . 121 . 43 28 1 . 32 2 4 4 62 1 27 . 47 30 93 AOE 15 | . . . . 4 . . . . . . . 5 . . . 1 . . . 1 . . . 3 1 . Critical Strikes 27 | . 2 . . . 1 1 6 1 . . . 1 . . . 1 . . 1 5 . 1 . 1 2 4 Part Disruptions 1 | . . . . . . . . . . . . . . . . 1 . . . . . . . . . . Damage Taken 14631 | . 453 266 . 219 536 498 820 820 . 1157 . 804 500 124 . 794 227 54 84 1468 27 763 . 1132 1212 2673 Core 3017 | . 79 73 . 48 21 40 103 146 . 83 . 88 110 . . 137 40 12 . 235 . 57 . 139 122 1484 Absorbed by Shields 784 | . . . . . . . . . . . . 20 . . . 81 . . . 123 . 328 . 232 . . Ignored by Resistances 79 | . . . . . . . . . . . . . 46 7 . 13 13 . . . . . . . . . Core Remaining (%) 75 | 100 . . . 20 . . . 43 . 88 . 89 . . . 75 . 95 . . . 77 . 90 . . Volleys Fired 896 | . 62 10 . 18 68 54 49 41 7 52 . 67 43 45 3 86 23 12 14 79 4 65 4 46 26 18 Largest 2 | . 2 2 . 2 2 2 2 2 1 2 . 1 1 1 1 1 1 1 1 1 1 1 1 1 1 1 Hottest 160 | . 100 115 . 145 160 160 160 160 80 155 . 75 69 69 10 113 10 10 113 113 10 10 10 30 120 120 Shots Fired 1182 | . 124 20 . 34 130 94 94 78 7 64 . 67 43 45 3 86 23 12 14 80 4 65 4 46 25 20 Gun 536 | . 124 20 . 16 107 72 71 42 3 23 . 22 9 9 . . . . . 8 . . . 10 . . Cannon 232 | . . . . 17 23 22 22 36 4 29 . 18 . . . 29 . . 2 16 . . . . 8 6 Launcher 4 | . . . . 1 . . 1 . . . . . . . . 2 . . . . . . . . . . Special 410 | . . . . . . . . . . 12 . 27 34 36 3 55 23 12 12 56 4 65 4 36 17 14 Kinetic 18 | . . . . . . . . . . . . . . . . . . . . 8 . . . 10 . . Thermal 706 | . 124 20 . 33 130 84 93 78 7 44 . 18 4 9 . 29 . . 2 17 . . . . 8 6 Explosive 4 | . . . . 1 . . 1 . . . . . . . . 2 . . . . . . . . . . Electromagnetic 45 | . . . . . . 10 . . . 8 . 22 5 . . . . . . . . . . . . . Robot Hit Streak 22 | . 10 7 . 6 16 9 13 16 7 22 . 6 10 10 7 18 7 7 3 9 3 13 14 11 9 6 Robot Miss Streak 7 | . 4 1 . 3 7 5 4 3 5 6 . 3 1 2 1 3 1 3 2 4 1 5 1 3 2 2 Penetration Max . | . . . . . . . . . . . . . . . . . . . . . . . . . . . Secondary Targets 11 | . . . . . 3 2 3 3 . . . . . . . . . . . . . . . . . . Max Gunslinging Chain 1 | . . . . . 1 1 1 1 . . . . . . . . . . . . . . . . . . Shots Hit Robots 816 | . 80 16 4 22 97 61 74 48 2 46 . 22 34 30 2 63 19 8 9 54 3 50 3 32 25 12 Core Hits 320 | . 25 5 . 18 73 43 68 36 . 31 . 1 5 . . 7 . . 1 3 . . . 1 3 . Critical Kills 2 | . . . . . . . . . . 1 . . . . . 1 . . . . . . . . . . Critical Parts Destroyed . | . . . . . . . . . . . . . . . . . . . . . . . . . . . Critical Strikes 9 | . 7 . . . . . . . . 1 . . . . . 1 . . . . . . . . . . Burn 7 | . 7 . . . . . . . . . . . . . . . . . . . . . . . . . Meltdown 2 | . . . . . . . . . . 1 . . . . . 1 . . . . . . . . . . Melee Attacks 13 | . . . 4 . . . . . 1 . . . . . . . . . . . . . . . 8 . Impact . | . . . . . . . . . . . . . . . . . . . . . . . . . . . Slashing . | . . . . . . . . . . . . . . . . . . . . . . . . . . . Piercing . | . . . . . . . . . . . . . . . . . . . . . . . . . . . Sneak Attacks 8 | . . . 4 . . . . . . . . . . . . . . . . . . . . . 4 . Combat Hostiles . | . . . . . . . . . . . . . . . . . . . . . . . . . . . Follow-up Attacks . | . . . . . . . . . . . . . . . . . . . . . . . . . . . Damage Inflicted 12285 | . 1071 227 . 569 1982 1270 2528 1268 22 1045 . 59 207 . . 974 . . 40 494 . 18 . 123 220 168 Guns 7430 | . 1063 212 . 246 1676 1095 1449 847 22 415 . 17 126 . . . . . . 139 . . . 123 . . Cannons 3670 | . . . . 226 294 175 435 421 . 630 . 25 . . . 731 . . 40 340 . . . . 199 154 Explosions 1021 | . . . . 68 . . 629 . . . . . 81 . . 243 . . . . . . . . . . Melee . | . . . . . . . . . . . . . . . . . . . . . . . . . . . Ramming 149 | . 8 15 . 29 12 . 15 . . . . 17 . . . . . . . . . 18 . . 21 14 Kinetic 262 | . . . . . . . . . . . . . . . . . . . . 139 . . . 123 . . Thermal 10785 | . 1063 212 . 472 1970 1222 1884 1268 22 1016 . 25 152 . . 731 . . 40 355 . . . . 199 154 Explosive 667 | . . . . 68 . . 356 . . . . . . . . 243 . . . . . . . . . . Electromagnetic 422 | . . . . . . 48 273 . . 29 . 17 55 . . . . . . . . . . . . . Impact . | . . . . . . . . . . . . . . . . . . . . . . . . . . . Slashing . | . . . . . . . . . . . . . . . . . . . . . . . . . . . Piercing . | . . . . . . . . . . . . . . . . . . . . . . . . . . . Highest Corruption 8 | . . . . . . . . 3 . . . 1 . 1 1 2 . . . 1 1 3 . 3 7 8 Average Corruption 2 | . . . . . . . . 1 . . . 1 . 1 1 1 . . . 1 1 2 . 2 5 6 Corruption Purged 7 | . . . . . . . . . . . . . . . . . . . . . . . . . . 7 Corruption Blocked . | . . . . . . . . . . . . . . . . . . . . . . . . . . . Effects 152 | . . . . . . . . 6 . . . 4 . 5 4 25 . . . 21 6 19 . 18 26 18 Message Errors 37 | . . . . . . . . 1 . . . 1 . 1 . 5 . . . 5 1 3 . 4 13 3 Matter Fused 37 | . . . . . . . . 1 . . . . . 1 2 5 . . . 7 3 2 . 7 5 4 Heat Flow Errors 13 | . . . . . . . . 2 . . . . . 1 . 2 . . . 2 . 2 . 2 1 1 Energy Discharges 19 | . . . . . . . . . . . . . . 1 2 4 . . . 4 . 2 . 2 . 4 Parts Fused 2 | . . . . . . . . . . . . . . . . . . . . . 1 . . . 1 . Data Loss (minor) 29 | . . . . . . . . 2 . . . 3 . 1 . 3 . . . 2 1 9 . 2 3 3 Data Loss (major) 6 | . . . . . . . . . . . . . . . . 2 . . . . . . . 1 2 1 Misfires 4 | . . . . . . . . . . . . . . . . 1 . . . 1 . . . . . 2 Alerts 3 | . . . . . . . . . . . . . . . . 2 . . . . . 1 . . . . Weapon Failures 2 | . . . . . . . . . . . . . . . . 1 . . . . . . . . 1 . Overload Shots . | . . . . . . . . . . . . . . . . . . . . . . . . . . . Overflow Damage 112 | . . . . . . . 33 8 . . . . . . . 12 . . . 59 . . . . . . Projectiles 79 | . . . . . . . . 8 . . . . . . . 12 . . . 59 . . . . . . Explosions 33 | . . . . . . . 33 . . . . . . . . . . . . . . . . . . . Melee . | . . . . . . . . . . . . . . . . . . . . . . . . . . . Knockbacks 1 | . . . . . 1 . . . . . . . . . . . . . . . . . . . . . Impact 1 | . . . . . 1 . . . . . . . . . . . . . . . . . . . . . Kinetic . | . . . . . . . . . . . . . . . . . . . . . . . . . . . Secondary . | . . . . . . . . . . . . . . . . . . . . . . . . . . . Self-Inflicted Damage 58 | . . . . . . . . . . . . 8 . . . 47 . . . . . . . . . 3 Shots 1 | . . . . . . . . . . . . . . . . 1 . . . . . . . . . . Rammed 16 | . 1 3 . 3 2 . 2 . . . . 2 . . . . . . . . . . . . . 3 Targets Rammed 27 | . 1 3 . 3 2 . 2 . . . . 2 . . . . . . . . . 1 . . 1 12 Kicked 11 | . . . . . . . . . . . . . . . . . . . . . . 1 . . 1 9 Crushed . | . . . . . . . . . . . . . . . . . . . . . . . . . . . Highest Temperature 424 | . 195 117 . 195 63 36 . 25 . 257 . 64 40 200 . 424 . . 104 271 . 261 . 215 230 138 Average Temperature 62 | . 40 44 . 74 19 16 . 25 . 75 . 15 21 45 . 121 . . 56 105 . 103 . 70 94 54 Received Heat Transfer 2210 | . 252 123 . 27 243 189 324 207 . 249 . 164 54 . . 87 21 . . 138 9 67 . 47 9 . Effects 8 | . . . . . . . . . . 3 . . . . . 3 . . . 1 . 1 . . . . Shutdowns 2 | . . . . . . . . . . . . . . . . 2 . . . . . . . . . . Energy Bleed 2 | . . . . . . . . . . . . . . . . . . . . 1 . 1 . . . . Interference 3 | . . . . . . . . . . 3 . . . . . . . . . . . . . . . . Short Circuit 1 | . . . . . . . . . . . . . . . . 1 . . . . . . . . . . Siege Activations . | . . . . . . . . . . . . . . . . . . . . . . . . . . . Martial Activations . | . . . . . . . . . . . . . . . . . . . . . . . . . . . Shielding Activations . | . . . . . . . . . . . . . . . . . . . . . . . . . . . Robots Disrupted 1 | . . . . . . 1 . . . . . . . . . . . . . . . . . . . . Combat Hostiles 1 | . . . . . . 1 . . . . . . . . . . . . . . . . . . . . Robots Corrupted . | . . . . . . . . . . . . . . . . . . . . . . . . . . . Combat Hostiles . | . . . . . . . . . . . . . . . . . . . . . . . . . . . Parts Fried 1 | . . . . . . . . . . . . . . . . 1 . . . . . . . . . . Impact Corruptions . | . . . . . . . . . . . . . . . . . . . . . . . . . . . Robots Melted 5 | . 2 . . . . . 1 . . 1 . . . . . 1 . . . . . . . . . . Combat Hostiles 4 | . 2 . . . . . 1 . . . . . . . . 1 . . . . . . . . . . Parts Melted 51 | . 9 . . 3 4 6 10 5 . 12 . . 1 . . 1 . . . . . . . . . . Heat Transferred 21195 | . 3552 592 . 846 4182 2609 3867 2265 50 1763 . 37 211 . . 629 . . 37 296 . . . . 148 111 Parts Sabotaged . | . . . . . . . . . . . . . . . . . . . . . . . . . . . Parts Stolen . | . . . . . . . . . . . . . . . . . . . . . . . . . . . Parts Stripped . | . . . . . . . . . . . . . . . . . . . . . . . . . . . Power Chain Reactions 1 | . . . . . . . . . . . . . 1 . . . . . . . . . . . . . Alert | -11 -10 -10 -10 -9 -8 -8 -8 -8 -7 -7 -6 -6 -5 -5 -5 -5 -4 -4 -3 -3 -3 -3 -2 -2 -1 -1 ------- Run | Yrd Mat Min Exi Min Mat Gar Mat Gar Fac Gar Fac Gar Fac Gar Fac Gar Fac Gar Res Gar Res Gar Res Gar Acc Com Maximum Alert Level 4 | . 1 . . . 2 4 3 3 2 3 2 3 2 3 2 2 1 1 . 3 . 2 1 1 . . Low Security (%) 51 | . 99 100 . 100 64 . . . . . . 11 10 3 . 39 93 73 100 47 100 48 . 83 100 100 Level 1 19 | . . . . . 34 9 . . . 17 83 26 47 32 46 52 6 26 . 34 . 20 100 16 . . Level 2 18 | . . . . . 1 40 47 25 100 70 16 30 42 44 53 7 . . . 16 . 30 . . . . Level 3 10 | . . . . . . 42 52 74 . 11 . 31 . 19 . . . . . . . . . . . . Level 4 . | . . . . . . 7 . . . . . . . . . . . . . . . . . . . . Level 5 . | . . . . . . . . . . . . . . . . . . . . . . . . . . . High Security . | . . . . . . . . . . . . . . . . . . . . . . . . . . . Max Security . | . . . . . . . . . . . . . . . . . . . . . . . . . . . Peak Influence 1179 | . 193 55 . 113 484 1179 925 1060 556 783 410 963 481 932 489 428 228 250 117 785 112 688 387 284 100 6 Initial 574 | . . 31 . . . 314 574 501 556 319 410 196 481 171 489 219 224 . 117 3 112 . 387 234 100 6 Average 273 | . 67 7 . 42 119 693 682 807 506 536 345 544 332 502 403 239 71 125 73 209 27 279 355 118 7 . Influence Increases 11170 | . 439 97 . 342 907 885 849 559 1 564 . 1012 700 801 5 709 487 277 8 1018 . 893 6 473 126 12 Destroy 0b10 Robot/C 4060 | . 220 80 . 260 580 420 460 420 . 260 . 380 300 40 . 100 180 . . 40 . 260 . 40 20 . Destroy 0b10 Robot/NC 175 | . 25 . . . 40 10 35 . . 10 . . 30 . . . 15 . 5 . . . . . 5 . Destroy Leader 562 | . 70 10 . 50 160 20 122 30 . 10 . 20 30 . . 10 20 . . . . 10 . . . . Allied During Kill 592 | . . 7 . 14 . . 30 . . 5 . 142 29 30 . 39 87 . 1 . . 162 . 40 6 . Successful Hack 276 | . 19 . . . 27 35 17 14 . 14 . 14 10 21 5 . 40 . . 16 . . . 30 14 . Select Force Hacks 60 | . 60 . . . . . . . . . . . . . . . . . . . . . . . . . Disable Machine 360 | . . . . . . 30 45 . . . . . 165 . . 15 60 . . 45 . . . . . . Anti-Garrison Action 3750 | . . . . . . 250 . 50 . 200 . 350 . 700 . 400 . 250 . 850 . 350 . 350 . . Destroy Structure 630 | . . . . 18 10 15 20 30 1 5 . 61 136 10 . 70 40 12 2 22 . 81 6 13 66 12 Partial Spotted 30 | . . . . . . . . . . 15 . . . . . 15 . . . . . . . . . . Lose Combat Pursuer 675 | . 45 . . . 90 105 120 15 . 45 . 45 . . . 60 45 15 . 45 . 30 . . 15 . Influence Decreases 11170 | . 358 148 30 342 423 190 1257 270 604 238 503 374 1373 114 623 595 915 67 213 822 201 205 381 619 283 22 Entered New Map 4112 | . . 50 30 . . 170 605 270 504 138 373 84 437 74 443 95 204 . 93 2 89 . 301 79 67 4 Time Decay 3147 | . 338 98 . 322 423 . 422 . 100 . 120 . 356 . 180 . 359 . 60 . 112 . 70 . 169 18 Lost Part 370 | . 20 . . . . 20 40 . . 60 10 70 10 . . . 10 . . 60 . 10 . 60 . . Lost Ally 2108 | . . . . 20 . . 40 . . 40 . 220 120 40 . 500 109 67 60 160 . 195 10 480 47 . Purge Threat 1433 | . . . . . . . 150 . . . . . 450 . . . 233 . . 600 . . . . . . Squads Dispatched 31 | . 3 . . 1 2 . 4 . . . . . 5 . . . 6 . . . 2 . . . 6 2 Investigation 5 | . 2 . . 1 . . 2 . . . . . . . . . . . . . . . . . . . Extermination 10 | . . . . . . . . . . . . . 1 . . . 3 . . . 1 . . . 4 1 Reinforcement 12 | . 1 . . . 1 . 1 . . . . . 3 . . . 3 . . . . . . . 2 1 Assault 2 | . . . . . . . 1 . . . . . 1 . . . . . . . . . . . . . Garrison 2 | . . . . . 1 . . . . . . . . . . . . . . . 1 . . . . . Intercept . | . . . . . . . . . . . . . . . . . . . . . . . . . . . Searches Triggered . | . . . . . . . . . . . . . . . . . . . . . . . . . . . Construction Impeded 1 | . . . . . 1 . . . . . . . . . . . . . . . . . . . . . Haulers Reinforced 2 | . . . . . . . . . . . . . . . . . 1 . . . . . . . 1 . Active Scanning Responses . | . . . . . . . . . . . . . . . . . . . . . . . . . . . Cargo Convoy Interrupts . | . . . . . . . . . . . . . . . . . . . . . . . . . . . Alert ID Control Effect 175 | . . . . . . . . . . . . 7 2 . . 30 5 6 2 17 2 17 . 29 45 13 Stealth | -11 -10 -10 -10 -9 -8 -8 -8 -8 -7 -7 -6 -6 -5 -5 -5 -5 -4 -4 -3 -3 -3 -3 -2 -2 -1 -1 --------- Run | Yrd Mat Min Exi Min Mat Gar Mat Gar Fac Gar Fac Gar Fac Gar Fac Gar Fac Gar Res Gar Res Gar Res Gar Acc Com Distress Signals 7 | . . . . . 4 1 1 . . . . . . . . . . . . . . 1 . . . . Communications Jammed 289 | . . . . . . . . . 9 . . . 68 . . . 1 . . . . . . 43 143 25 Distress Signals 282 | . . . . . . . . . 8 . . . 68 . . . 1 . . . . . . 43 137 25 Times Spotted 561 | . 18 4 . 10 37 21 34 22 2 23 . 33 39 1 1 57 26 15 9 40 4 40 1 42 46 36 Peak Tracking Total 13 | . 5 2 . 3 10 6 5 6 1 7 . 5 5 1 1 13 3 3 2 4 1 4 1 7 4 10 Tactical Retreats 29 | . 2 . . . 4 3 4 1 . 1 . 2 . . . 3 2 1 . 3 . 2 . . 1 . Traps | -11 -10 -10 -10 -9 -8 -8 -8 -8 -7 -7 -6 -6 -5 -5 -5 -5 -4 -4 -3 -3 -3 -3 -2 -2 -1 -1 ------- Run | Yrd Mat Min Exi Min Mat Gar Mat Gar Fac Gar Fac Gar Fac Gar Fac Gar Fac Gar Res Gar Res Gar Res Gar Acc Com Traps Triggered 67 | . . . . . . . . 4 . 8 1 11 . 1 1 9 1 2 . 7 . 11 . 9 1 1 Indirectly . | . . . . . . . . . . . . . . . . . . . . . . . . . . . Trap Hack Attempts . | . . . . . . . . . . . . . . . . . . . . . . . . . . . Triggered . | . . . . . . . . . . . . . . . . . . . . . . . . . . . Disarmed . | . . . . . . . . . . . . . . . . . . . . . . . . . . . Reprogrammed . | . . . . . . . . . . . . . . . . . . . . . . . . . . . Reused . | . . . . . . . . . . . . . . . . . . . . . . . . . . . Traps Extracted . | . . . . . . . . . . . . . . . . . . . . . . . . . . . Installed . | . . . . . . . . . . . . . . . . . . . . . . . . . . . Triggered . | . . . . . . . . . . . . . . . . . . . . . . . . . . . Most Traps Carried 1 | . . . . . . 1 1 1 1 1 1 1 1 1 1 1 1 1 1 1 . . . . . . Machines | -11 -10 -10 -10 -9 -8 -8 -8 -8 -7 -7 -6 -6 -5 -5 -5 -5 -4 -4 -3 -3 -3 -3 -2 -2 -1 -1 ---------- Run | Yrd Mat Min Exi Min Mat Gar Mat Gar Fac Gar Fac Gar Fac Gar Fac Gar Fac Gar Res Gar Res Gar Res Gar Acc Com Machines Disabled 66 | . . . . . . 5 3 . . 3 . 5 11 6 . 7 4 3 . 8 . 5 . 6 . . Max in Single Turn 2 | . . . . . . 1 2 . . 1 . 1 . 1 . 1 . 1 . 1 . 1 . 1 . . Garrison Access 2 | . . . . . . . . . . . . . . . . . . . . . . . . . 2 . Garrison Relay 41 | . . . . . . 3 . . . 3 . 4 . 6 . 6 . 3 . 6 . 5 . 5 . . Machines Repaired . | . . . . . . . . . . . . . . . . . . . . . . . . . . . Machines Dismantled 17 | . . . . . . . . . . . . . . . . . . 3 . 8 . 5 . 1 . . Machines Sabotaged . | . . . . . . . . . . . . . . . . . . . . . . . . . . . Overloaded Fab Kills . | . . . . . . . . . . . . . . . . . . . . . . . . . . . Hacking | -11 -10 -10 -10 -9 -8 -8 -8 -8 -7 -7 -6 -6 -5 -5 -5 -5 -4 -4 -3 -3 -3 -3 -2 -2 -1 -1 --------- Run | Yrd Mat Min Exi Min Mat Gar Mat Gar Fac Gar Fac Gar Fac Gar Fac Gar Fac Gar Res Gar Res Gar Res Gar Acc Com Machines Accessed 77 | . 9 . 2 1 7 4 10 1 2 2 3 3 3 3 2 2 4 . 2 2 1 2 2 3 6 1 Terminals 60 | . 7 . . . 6 4 9 1 1 2 2 3 2 3 1 2 3 . 1 2 . 2 1 3 4 1 Fabricators . | . . . . . . . . . . . . . . . . . . . . . . . . . . . Repair Stations . | . . . . . . . . . . . . . . . . . . . . . . . . . . . Recycling Units 2 | . 2 . . . . . . . . . . . . . . . . . . . . . . . . . Scanalyzers . | . . . . . . . . . . . . . . . . . . . . . . . . . . . Garrison Access 12 | . . . . . 1 . 1 . 1 . 1 . 1 . 1 . 1 . 1 . 1 . 1 . 2 . Total Hacks 159 | . 22 . 2 1 19 5 24 3 2 3 6 6 6 4 4 4 12 . 4 3 1 6 3 6 12 1 Successful 71 | . 12 . 2 1 12 3 7 1 1 1 1 1 5 2 2 . 5 . 2 2 1 1 1 2 6 . Failed 87 | . 9 . . . 7 2 17 2 1 2 5 5 1 2 2 4 7 . 2 1 . 5 2 4 6 1 Catastrophic 23 | . 1 . . . 1 2 5 . 1 . 3 1 1 1 . 1 1 . 1 1 . . . 1 1 1 Database Lockouts 1 | . 1 . . . . . . . . . . . . . . . . . . . . . . . . . Manual 69 | . 12 . 1 . 9 1 19 . . . 5 . 3 . 3 . 9 . 3 . . . 2 . 2 . Terminals 140 | . 19 . . . 18 5 23 3 1 3 5 6 5 4 3 4 11 . 3 3 . 6 2 6 9 1 Fabricators . | . . . . . . . . . . . . . . . . . . . . . . . . . . . Repair Stations . | . . . . . . . . . . . . . . . . . . . . . . . . . . . Recycling Units 3 | . 3 . . . . . . . . . . . . . . . . . . . . . . . . . Scanalyzers . | . . . . . . . . . . . . . . . . . . . . . . . . . . . Garrison Access 13 | . . . . . 1 . 1 . 1 . 1 . 1 . 1 . 1 . 1 . 1 . 1 . 3 . Terminal Hacks 40 | . 8 . 2 1 6 3 3 1 . 1 . 1 3 2 . . 1 . . 2 . 1 . 2 3 . Record 1 | . . . 1 . . . . . . . . . . . . . . . . . . . . . . . Robot Analysis 2 | . 2 . . . . . . . . . . . . . . . . . . . . . . . . . Prototype ID Bank 5 | . 3 . . . 1 . 1 . . . . . . . . . . . . . . . . . . . Open Door 7 | . . . . 1 . 1 . . . . . . . 1 . . . . . . . 1 . . 3 . Emergency Access Points 6 | . . . . . . 1 . 1 . . . 1 . 1 . . . . . 1 . . . 1 . . Garrison Index 1 | . . . . . 1 . . . . . . . . . . . . . . . . . . . . . Unreport Threat 1 | . . . . . . . 1 . . . . . . . . . . . . . . . . . . . Locate Traps 6 | . 3 . . . 2 . . . . . . . 1 . . . . . . . . . . . . . Recall Investigation 1 | . . . . . . . . . . . . . . . . . 1 . . . . . . . . . Zone Layout 5 | . . . . . 2 . 1 . . . . . 2 . . . . . . . . . . . . . Garrison Registry 1 | . . . . . . 1 . . . . . . . . . . . . . . . . . . . . Patrol Navigation 1 | . . . . . . . . . . 1 . . . . . . . . . . . . . . . . Security Stations 2 | . . . . . . . . . . . . . . . . . . . . 1 . . . 1 . . Proto ID Catalog 1 | . . . 1 . . . . . . . . . . . . . . . . . . . . . . . Fabricator Hacks . | . . . . . . . . . . . . . . . . . . . . . . . . . . . Repair Station Hacks . | . . . . . . . . . . . . . . . . . . . . . . . . . . . Recycling Unit Hacks . | . . . . . . . . . . . . . . . . . . . . . . . . . . . Scanalyzer . | . . . . . . . . . . . . . . . . . . . . . . . . . . . Garrison Access Hacks 13 | . . . . . 1 . 1 . 1 . 1 . 1 . 1 . 1 . 1 . 1 . 1 . 3 . Unlock Access 10 | . . . . . 1 . 1 . 1 . 1 . 1 . 1 . 1 . 1 . 1 . 1 . . . Seal Access 2 | . . . . . . . . . . . . . . . . . . . . . . . . . 2 . Coupler Status 1 | . . . . . . . . . . . . . . . . . . . . . . . . . 1 . Unauthorized Hacks 18 | . 4 . . . 5 . 3 . . . . . 1 . 1 . 3 . 1 . . . . . . . Terminals 16 | . 2 . . . 5 . 3 . . . . . 1 . 1 . 3 . 1 . . . . . . . Assimilate 1 | . . . . . . . . . . . . . . . . . 1 . . . . . . . . . Botnet 14 | . 2 . . . 4 . 3 . . . . . 1 . 1 . 2 . 1 . . . . . . . Disrupt 1 | . . . . . 1 . . . . . . . . . . . . . . . . . . . . . Fabricators . | . . . . . . . . . . . . . . . . . . . . . . . . . . . Repair Stations . | . . . . . . . . . . . . . . . . . . . . . . . . . . . Recycling Units 2 | . 2 . . . . . . . . . . . . . . . . . . . . . . . . . Tunnel 2 | . 2 . . . . . . . . . . . . . . . . . . . . . . . . . Scanalyzers . | . . . . . . . . . . . . . . . . . . . . . . . . . . . Garrison Access . | . . . . . . . . . . . . . . . . . . . . . . . . . . . Data Cores Recovered 1 | . . . . . . . . . . . . . . . . . 1 . . . . . . . . . Used . | . . . . . . . . . . . . . . . . . . . . . . . . . . . Hacking Detections 56 | . 6 . . . 5 2 9 1 1 2 3 3 . 2 1 2 4 . 2 1 . 1 2 3 5 1 Full Trace Events 5 | . . . . . . . 2 1 . 1 . 1 . . . . . . . . . . . . . . Feedback Events 1 | . . . . . . . . 1 . . . . . . . . . . . . . . . . . . Corruption 1 | . . . . . . . . 1 . . . . . . . . . . . . . . . . . . Feedback Blocked . | . . . . . . . . . . . . . . . . . . . . . . . . . . . Robot Schematics Acquired . | . . . . . . . . . . . . . . . . . . . . . . . . . . . Robots Built . | . . . . . . . . . . . . . . . . . . . . . . . . . . . Authchips . | . . . . . . . . . . . . . . . . . . . . . . . . . . . Time . | . . . . . . . . . . . . . . . . . . . . . . . . . . . Total Robot Build Rating . | . . . . . . . . . . . . . . . . . . . . . . . . . . . Part Schematics Acquired . | . . . . . . . . . . . . . . . . . . . . . . . . . . . Parts Built . | . . . . . . . . . . . . . . . . . . . . . . . . . . . Authchips . | . . . . . . . . . . . . . . . . . . . . . . . . . . . Time . | . . . . . . . . . . . . . . . . . . . . . . . . . . . Total Part Build Rating . | . . . . . . . . . . . . . . . . . . . . . . . . . . . Parts Repaired . | . . . . . . . . . . . . . . . . . . . . . . . . . . . Time . | . . . . . . . . . . . . . . . . . . . . . . . . . . . Parts Recycled . | . . . . . . . . . . . . . . . . . . . . . . . . . . . Recycled Matter . | . . . . . . . . . . . . . . . . . . . . . . . . . . . Retrieved Matter . | . . . . . . . . . . . . . . . . . . . . . . . . . . . Retrieved Components . | . . . . . . . . . . . . . . . . . . . . . . . . . . . Parts Scanalyzed . | . . . . . . . . . . . . . . . . . . . . . . . . . . . Part Schematics Acquired . | . . . . . . . . . . . . . . . . . . . . . . . . . . . Parts Damaged . | . . . . . . . . . . . . . . . . . . . . . . . . . . . Bothacking | -11 -10 -10 -10 -9 -8 -8 -8 -8 -7 -7 -6 -6 -5 -5 -5 -5 -4 -4 -3 -3 -3 -3 -2 -2 -1 -1 ------------ Run | Yrd Mat Min Exi Min Mat Gar Mat Gar Fac Gar Fac Gar Fac Gar Fac Gar Fac Gar Res Gar Res Gar Res Gar Acc Com Used RIF Installer 12 | . . . . . . 1 . 2 . 2 . 1 . 1 . 1 . . . 1 . 1 . 2 . . Coupler Efficiency 1 | . . . . . . . . . . 1 . . . . . . . . . . . . . . . . Hotswap 1 | . . . . . . . . . . 1 . . . . . . . . . . . . . . . . Signal Jammer 1 | . . . . . . . . 1 . . . . . . . . . . . . . . . . . . Zone Cloak 1 | . . . . . . . . . . . . . . . . . . . . . . . . 1 . . Watcher Feeds 1 | . . . . . . . . 1 . . . . . . . . . . . . . . . . . . Patrol Navigation 1 | . . . . . . . . . . . . . . . . . . . . 1 . . . . . . Alert ID Control 1 | . . . . . . . . . . . . 1 . . . . . . . . . . . . . . Structural Interface 1 | . . . . . . . . . . . . . . 1 . . . . . . . . . . . . Program Shield 1 | . . . . . . . . . . . . . . . . . . . . . . 1 . . . . Autoassimilate 1 | . . . . . . . . . . . . . . . . 1 . . . . . . . . . . Crosswire 1 | . . . . . . . . . . . . . . . . . . . . . . . . 1 . . Robots Hacked 221 | . . . 4 . . . . . . 7 . 12 16 . 1 30 14 7 7 27 3 24 2 23 28 16 Non-combat 22 | . . . 3 . . . . . . . . . 5 . 1 . 4 . 1 1 . 1 2 1 2 1 Combat 199 | . . . 1 . . . . . . 7 . 12 11 . . 30 10 7 6 26 3 23 . 22 26 15 Autoassimilated 43 | . . . . . . . . . . . . . . . . 2 1 . 1 4 1 2 . 10 13 9 Robot Hacks Applied 201 | . . . 4 . . . . . . 7 . 12 19 . 1 29 16 7 7 31 3 24 3 14 15 9 parse_system 7 | . . . 4 . . . . . . . . . . . . . . . . . . . 1 . . 2 no_distress 1 | . . . . . . . . . . . . . . . . . . . . . . . . . 1 . map_walls 2 | . . . . . . . . . . . . . 1 . . . . . . . . . 1 . . . purge_threat 13 | . . . . . . . . . . . . . 4 . . . 2 . . 7 . . . . . . reprogram_traps 1 | . . . . . . . . . . . . . . . . . 1 . . . . . . . . . map_route 4 | . . . . . . . . . . . . . 2 . 1 . . . . . . . . . 1 . find_garrison 5 | . . . . . . . . . . . . . 1 . . . 2 . 1 . 1 . . . . . amplify_resonance 10 | . . . . . . . . . . 2 . . 1 . . . . . . 3 . 2 . 1 . 1 disable_weapons 8 | . . . . . . . . . . . . 3 . . . . 1 1 . . . 1 . . 2 . reboot_system 1 | . . . . . . . . . . . . . . . . . . . . . . 1 . . . . overwrite_iff 79 | . . . . . . . . . . 5 . 5 8 . . 17 6 4 3 10 . 11 . 5 3 2 formatsys_low 3 | . . . . . . . . . . . . . . . . . 1 . . . . . . 1 . 1 formatsys_high 67 | . . . . . . . . . . . . 4 2 . . 12 3 2 3 11 2 9 1 7 8 3 Relay Couplers Released 171 | . . . . . . 10 . . . 12 . 16 . 28 . 22 . 11 . 30 . 21 . 21 . . Machine Destruction 164 | . . . . . . 10 . . . 12 . 16 . 25 . 22 . 11 . 26 . 21 . 21 . . Programmers 7 | . . . . . . . . . . . . . . 3 . . . . . 4 . . . . . . Attached 55 | . . . . . . . . . 1 3 . 4 4 2 . 6 3 1 . 6 . 5 . 12 7 1 Crosswired 13 | . . . . . . . . . . . . . . . . . . . . . . . . 13 . . Fabnet Peak Effective % . | . . . . . . . . . . . . . . . . . . . . . . . . . . . Robots Rewired 43 | . . . . . . 3 . . . . . 5 . 15 . 3 . . . 1 . 9 . 7 . . Allies Hacked 17 | . . . . . . . . . . . . 1 . . . 1 2 . . 6 . 7 . . . . Hacks Repelled . | . . . . . . . . . . . . . . . . . . . . . . . . . . . Allies | -11 -10 -10 -10 -9 -8 -8 -8 -8 -7 -7 -6 -6 -5 -5 -5 -5 -4 -4 -3 -3 -3 -3 -2 -2 -1 -1 -------- Run | Yrd Mat Min Exi Min Mat Gar Mat Gar Fac Gar Fac Gar Fac Gar Fac Gar Fac Gar Res Gar Res Gar Res Gar Acc Com Total Allies 243 | . . 3 . . . 3 . . . 5 . 15 10 16 . 35 11 6 7 26 3 33 1 30 24 15 Largest Group 21 | . . 3 1 1 . 3 3 . . 2 . 6 3 13 8 12 7 7 5 8 8 17 18 21 19 9 Highest-Rated Group 1356 | . . 40 16 16 . 90 90 . . 28 . 298 146 499 290 414 306 320 200 384 452 1182 1208 1356 1118 457 Highest-Rated Ally 183 | . . 16 16 16 . 39 39 . . 16 . 85 85 49 46 80 80 80 58 116 64 119 119 119 183 183 Total Orders 11 | . . . . 1 . . . . . . . 4 . . . 1 . 1 . 2 . 2 . . . . STAY 7 | . . . . 1 . . . . . . . 2 . . . 1 . 1 . 1 . 1 . . . . FOLLOW 4 | . . . . . . . . . . . . 2 . . . . . . . 1 . 1 . . . . Ally Attacks 1356 | . . 11 . 21 . . 21 . . 21 . 105 48 11 . 170 102 55 13 77 36 134 2 214 225 90 Total Damage 43100 | . . 95 . 264 . . 297 . . 286 . 3100 2124 253 . 4741 3570 1728 416 2484 1011 5855 23 6219 8488 2146 Kills 271 | . . 2 . 4 . . 2 . . 2 . 26 20 2 . 35 17 12 2 18 2 31 . 34 48 14 Allies Corrupted 16 | . . . . . . . . . . . . . . . . 1 1 . . 3 . 4 . 2 4 1 Allies Melted 2 | . . . . . . . . . . . . . . . . . . . . 2 . . . . . . Field Lobotomies 3 | . . . . . . . . . . . . 1 . . . . . . . 1 . 1 . . . . Intel | -11 -10 -10 -10 -9 -8 -8 -8 -8 -7 -7 -6 -6 -5 -5 -5 -5 -4 -4 -3 -3 -3 -3 -2 -2 -1 -1 ------- Run | Yrd Mat Min Exi Min Mat Gar Mat Gar Fac Gar Fac Gar Fac Gar Fac Gar Fac Gar Res Gar Res Gar Res Gar Acc Com Active Infowar (turns) 21823 | . . . . . 854 1292 1039 1008 80 . 169 1784 814 1166 376 1721 1148 690 124 2676 489 1734 149 1464 2417 629 Optics 17550 | . . . . . . . . . . . 169 1784 814 1166 376 1721 1148 690 124 2676 489 1734 149 1464 2417 629 Terrain 106 | . . . . . . . . . . . . . 106 . . . . . . . . . . . . . Machine Analysis 4273 | . . . . . 854 1292 1039 1008 80 . . . . . . . . . . . . . . . . . Robot Analysis Total 2 | . 2 . . . . . . . . . . . . . . . . . . . . . . . . . Derelict Logs Recovered 4 | . . 3 . 1 . . . . . . . . . . . . . . . . . . . . . . Drone Launches . | . . . . . . . . . . . . . . . . . . . . . . . . . . . Drone Recoveries . | . . . . . . . . . . . . . . . . . . . . . . . . . . . Exploration | -11 -10 -10 -10 -9 -8 -8 -8 -8 -7 -7 -6 -6 -5 -5 -5 -5 -4 -4 -3 -3 -3 -3 -2 -2 -1 -1 ------------- Run | Yrd Mat Min Exi Min Mat Gar Mat Gar Fac Gar Fac Gar Fac Gar Fac Gar Fac Gar Res Gar Res Gar Res Gar Acc Com Turns Passed 27527 | . 1293 875 574 963 1595 1292 1039 1008 215 1046 243 1784 814 1166 376 1721 1148 690 124 2676 489 1734 149 1464 2417 632 Spaces Moved 14103 | 1 712 515 352 508 838 712 551 551 120 531 204 1150 524 724 249 831 567 235 59 904 252 801 64 640 1196 312 Core . | . . . . . . . . . . . . . . . . . . . . . . . . . . . Treads 4662 | . 547 515 352 508 838 712 551 551 38 . . . . . . 6 . . . 44 . . . . . . Legs 3937 | 1 165 . . . . . . . . . . . . . . . . . . 506 252 801 64 640 1196 312 Wheels 5504 | . . . . . . . . . 82 531 204 1150 524 724 249 825 567 235 59 354 . . . . . . Hover . | . . . . . . . . . . . . . . . . . . . . . . . . . . . Flight . | . . . . . . . . . . . . . . . . . . . . . . . . . . . Fastest Speed 115 | 120 120 160 160 160 145 145 145 153 145 145 115 115 130 145 145 130 190 190 160 145 187 187 187 187 187 120 Average Speed 167 | 120 150 160 160 160 151 145 148 156 151 157 115 123 132 145 145 172 190 190 171 261 187 187 187 189 191 185 Slowest Speed 720 | 120 160 240 160 160 235 145 153 233 160 160 115 130 145 145 145 640 190 190 190 720 187 187 187 260 260 187 Overloaded Moves . | . . . . . . . . . . . . . . . . . . . . . . . . . . . Propulsion Burnouts . | . . . . . . . . . . . . . . . . . . . . . . . . . . . Robots Hopped . | . . . . . . . . . . . . . . . . . . . . . . . . . . . Potential Cave-ins . | . . . . . . . . . . . . . . . . . . . . . . . . . . . Cave-ins Triggered . | . . . . . . . . . . . . . . . . . . . . . . . . . . . Exploration Rate (%) 53 | 1 98 98 70 73 69 75 52 61 3 62 7 89 30 97 15 93 25 42 3 93 8 96 6 96 53 31 Regions Visited 26 Branch Regions 4 Pre-discovered Areas 5 | . 2 2 1 . . . . . . . . . . . . . . . . . . . . . . . Known Exits Taken 10 | . . . . . 1 . 1 . 1 . 1 . 1 . 1 . 1 . 1 . 1 . 1 . . . Unknown Exits Taken 6 | 1 1 1 1 1 . . . . . . . . . . . . . . . . . . . . 1 . Scrap Searched 4 | . . 1 . 3 . . . . . . . . . . . . . . . . . . . . . . Spaces Dug 6 | . . . . 1 2 . 2 . 1 . . . . . . . . . . . . . . . . . Terrain Destroyed 111 | . . . . 20 12 . 17 . 1 . . . 9 . . 40 . . 1 6 . . . . 3 2 Melee . | . . . . . . . . . . . . . . . . . . . . . . . . . . . Projectile 46 | . . . . 9 12 . 6 . 1 . . . . . . 6 . . 1 6 . . . . 3 2 AOE 65 | . . . . 11 . . 11 . . . . . 9 . . 34 . . . . . . . . . . Terrain Rammed . | . . . . . . . . . . . . . . . . . . . . . . . . . . . Walls Destroyed . | . . . . . . . . . . . . . . . . . . . . . . . . . . . Machines Disabled . | . . . . . . . . . . . . . . . . . . . . . . . . . . . Actions | -11 -10 -10 -10 -9 -8 -8 -8 -8 -7 -7 -6 -6 -5 -5 -5 -5 -4 -4 -3 -3 -3 -3 -2 -2 -1 -1 --------- Run | Yrd Mat Min Exi Min Mat Gar Mat Gar Fac Gar Fac Gar Fac Gar Fac Gar Fac Gar Res Gar Res Gar Res Gar Acc Com Total 17056 | . 810 543 361 622 1011 866 665 612 147 677 211 1455 619 828 263 1089 638 470 79 1156 269 1019 93 875 1323 355 Wait 886 | . 16 4 . 77 45 10 37 10 . 6 . 61 39 12 11 76 41 188 2 27 11 49 25 64 69 6 Move 14086 | . 711 514 351 507 838 711 551 550 120 530 204 1149 524 723 249 830 566 234 59 903 252 800 64 639 1195 312 Hop . | . . . . . . . . . . . . . . . . . . . . . . . . . . . Pick Up 179 | . 6 5 2 5 14 11 7 2 3 10 1 16 3 24 . 16 1 7 . 18 . 11 . 11 5 1 Fast Attach 54 | . 2 . . 2 7 1 1 . 1 1 3 3 2 . . 7 . . 1 10 . 2 . 7 3 1 Attach 79 | . 4 1 1 . 5 3 3 1 3 5 1 9 3 3 . 6 4 1 . 6 . 1 . 7 11 1 Detach 32 | . 3 . . 2 5 1 . . 3 1 1 1 2 1 . 4 . . 1 . . 2 . 1 3 1 Swap 86 | . 1 4 1 2 11 10 7 5 3 7 . 6 2 2 . 3 . 1 1 11 . 4 . 4 . 1 Drop 113 | . 4 2 2 6 16 11 8 3 6 1 1 8 1 13 . 11 . 2 . 12 . 3 . 2 . 1 Fire 896 | . 62 10 . 18 68 54 49 41 7 52 . 67 43 45 3 86 23 12 14 79 4 65 4 46 26 18 Melee 13 | . . . 4 . . . . . 1 . . . . . . . . . . . . . . . 8 . Ram 5 | . . . . . . . . . . . . 2 . . . . . . . . . . . . . 3 Kick 11 | . . . . . . . . . . . . . . . . . . . . . . 1 . . 1 9 Crush 11 | . 1 3 . 3 2 . 2 . . . . . . . . . . . . . . . . . . . Escape Stasis 313 | . . . . . . . . . . 64 . 79 . . . 40 . 16 . 39 . 35 . 40 . . Rewire 234 | . . . . . . 54 . . . . . 54 . 5 . 10 3 . 1 20 2 31 . 51 2 1 Trap . | . . . . . . . . . . . . . . . . . . . . . . . . . . . Miscellaneous 58 | . . . . . . . . . . . . . . . . . . 9 . 31 . 15 . 3 . . Route ------- -11/Scrapyard -10/Materials (discovered 5 exits: [*Mat x3] / [*Min] / [*Sub]) -10/Mines (discovered 4 exits: [*Mat x2] / *Exi / [*Sub]) -10/Exiles -9/Mines -8/Materials (discovered 3 exits: *Fac x2 / Gar) -8/Garrison (discovered 3 exits: *Mat x3) -8/Materials (discovered 3 exits: *Fac x2 / Gar) -8/Garrison (discovered 2 exits: *Fac x2) -7/Factory -7/Garrison (discovered 2 exits: *Fac x2) -6/Factory -6/Garrison (discovered 3 exits: *Fac x3) -5/Factory (discovered 4 exits: *Fac x2 / [*Upp] / Gar) -5/Garrison (discovered 3 exits: *Fac x3) -5/Factory -5/Garrison (discovered 3 exits: *Fac x3) -4/Factory (discovered 3 exits: *Res x2 / Gar) -4/Garrison -3/Research -3/Garrison (discovered 3 exits: *Res x3) -3/Research -3/Garrison (discovered 3 exits: *Res x3) -2/Research -2/Garrison (discovered 3 exits: *Acc x3) -1/Access -1/Command History --------- Turn | Location | Event 1 | -11/Scrapyard | Discovered new exit (range 0) 1 | -11/Scrapyard | Entered Materials 186 | -10/Materials | Discovered new exit (range 6) 302 | -10/Materials | Build established: Mutant 332 | -10/Materials | Discovered new exit (range 5) 403 | -10/Materials | Discovered new exit (range 9) 581 | -10/Materials | Discovered new exit (range 7) 711 | -10/Materials | Central database locked down 990 | -10/Materials | Discovered new exit (range 13) 1294 | -10/Materials | Entered Mines 1304 | -10/Mines | Met a Derelict bent on vengeance 1317 | -10/Mines | Discovered new exit (range 11) 1338 | -10/Mines | Assisted by bots powering up and referring to "LRC-V3" 1349 | -10/Mines | Discovered new exit (range 9) 1411 | -10/Mines | Core integrity fell below 50% 1431 | -10/Mines | Discovered new exit (range 7) 1513 | -10/Mines | Learned Materials stockpile data 1562 | -10/Mines | Found a damaged Exp. Sensor Array with a note attached 1565 | -10/Mines | Found Prototype Device 2024 | -10/Mines | Learned Materials terminal intel 2025 | -10/Mines | YI-UF0 nonchalantly dropped a Grenade Launcher on the ground 2064 | -10/Mines | Learned location of Storage (-7) 2103 | -10/Mines | Deemed a non-threat by the Exiles lab entrance 2103 | -10/Mines | Discovered new exit (range 5) 2169 | -10/Mines | Entered Exiles 2169 | -10/Exiles | Accompanied by 1 ally 2208 | -10/Exiles | Met 8R-AWN 2240 | -10/Exiles | Met EX-HEX 2288 | -10/Exiles | Met EX-BIN 2339 | -10/Exiles | Met EX-DEC 2404 | -10/Exiles | Learned location of Zion (-7) 2465 | -10/Exiles | Aligned with FarCom system 2466 | -10/Exiles | Given EX-Vault access code 2503 | -10/Exiles | Opened EX-Vault 2515 | -10/Exiles | Found Field Lobotomy Kit 2545 | -10/Exiles | Warned to stay clear of 0b10 Research branches 2730 | -10/Exiles | Discovered new exit (range 10) 2743 | -10/Exiles | Left Exiles lab with Field Lobotomy Kit 2743 | -10/Exiles | Entered Mines 2743 | -9/Mines | Accompanied by 1 ally 2799 | -9/Mines | Met a Derelict shopkeep closing up shop 3249 | -9/Mines | Assembled infested the area 3653 | -9/Mines | Learned Materials emergency access door positions 3661 | -9/Mines | Discovered new exit (range 15) 3706 | -9/Mines | Entered Materials 3706 | -8/Materials | Evolved 4 slots: Propulsion x1, Utility x3 3709 | -8/Materials | Loaded intel: 11 terminal locations 4006 | -8/Materials | Discovered new exit (range 4) 4013 | -8/Materials | Build established: Scavenger-Mutant 4643 | -8/Materials | Discovered new exit (range 3) 5268 | -8/Materials | Garrison activated, responded to threat 5301 | -8/Materials | Identified exit to Garrison 5301 | -8/Materials | Entered Garrison 5310 | -8/Garrison | Destroyed 9 combat bots 5369 | -8/Garrison | Triggered checkpoint 5427 | -8/Garrison | Garrison Relay disabled 5501 | -8/Garrison | Build established: Mutant 5507 | -8/Garrison | Triggered checkpoint 5600 | -8/Garrison | Discovered new exit (range 10) 5655 | -8/Garrison | Triggered checkpoint 5700 | -8/Garrison | Garrison Relay disabled 6080 | -8/Garrison | Discovered new exit (range 12) 6113 | -8/Garrison | Triggered checkpoint 6136 | -8/Garrison | Installed Relay Interface Framework 6152 | -8/Garrison | Garrison Relay disabled 6263 | -8/Garrison | Triggered checkpoint 6323 | -8/Garrison | Discovered new exit (range 12) 6357 | -8/Garrison | Triggered checkpoint 6403 | -8/Garrison | Discovered new exit (range 18) 6403 | -8/Garrison | Discovered new exit (range 66) 6403 | -8/Garrison | Discovered new exit (range 73) 6442 | -8/Garrison | Build established: Bothacker-Mutant 6593 | -8/Garrison | Entered Materials 6593 | -8/Materials | Accompanied by 3 allies 6993 | -8/Materials | First assault squad dispatched 7005 | -8/Materials | Lost 3 allies 7021 | -8/Materials | Discovered new exit (range 9) 7552 | -8/Materials | Discovered new exit (range 11) 7632 | -8/Materials | Identified exit to Garrison 7632 | -8/Materials | Entered Garrison 7680 | -8/Garrison | Triggered checkpoint 7866 | -8/Garrison | Triggered checkpoint 8059 | -8/Garrison | Core integrity fell below 50% 8220 | -8/Garrison | Triggered checkpoint 8356 | -8/Garrison | Expanded RIF knowledge: Signal Jamming 8399 | -8/Garrison | Discovered new exit (range 3) 8472 | -8/Garrison | Triggered checkpoint 8605 | -8/Garrison | Discovered new exit (range 11) 8618 | -8/Garrison | Expanded RIF knowledge: Watcher Feeds 8640 | -8/Garrison | Entered Factory 8640 | -7/Factory | Evolved 2 slots: Utility x2 8855 | -7/Factory | Identified exit to Garrison 8855 | -7/Factory | Entered Garrison 8875 | -7/Garrison | Triggered checkpoint 8919 | -7/Garrison | Garrison Relay disabled 9171 | -7/Garrison | Triggered checkpoint 9173 | -7/Garrison | Triggered checkpoint 9329 | -7/Garrison | Discovered new exit (range 12) 9419 | -7/Garrison | Triggered checkpoint 9447 | -7/Garrison | Garrison Relay disabled 9551 | -7/Garrison | Triggered checkpoint 9659 | -7/Garrison | Discovered new exit (range 12) 9673 | -7/Garrison | Expanded RIF knowledge: Hotswap 9705 | -7/Garrison | Triggered checkpoint 9784 | -7/Garrison | Lost 4 parts (1p1u2w) 9814 | -7/Garrison | Expanded RIF knowledge: Coupler Efficiency 9840 | -7/Garrison | Garrison Relay disabled 9901 | -7/Garrison | Entered Factory 9901 | -6/Factory | Evolved 2 slots: Propulsion x1, Utility x1 9973 | -6/Factory | Build established: Botlord-Mutant 10144 | -6/Factory | Identified exit to Garrison 10144 | -6/Factory | Entered Garrison 10167 | -6/Garrison | Expanded RIF knowledge: Alert ID Control 10308 | -6/Garrison | Triggered checkpoint 10341 | -6/Garrison | Garrison Relay disabled 10418 | -6/Garrison | Spotted B-75 Beast 10420 | -6/Garrison | Assimilated B-75 Beast with FLK Orb 10466 | -6/Garrison | Lost 3 allies 10550 | -6/Garrison | Triggered checkpoint 10615 | -6/Garrison | Discovered new exit (range 19) 10624 | -6/Garrison | Triggered checkpoint 10684 | -6/Garrison | Garrison Relay disabled 10804 | -6/Garrison | Triggered checkpoint 10916 | -6/Garrison | Garrison Relay disabled 10920 | -6/Garrison | Triggered checkpoint 11164 | -6/Garrison | Discovered new exit (range 15) 11389 | -6/Garrison | Discovered new exit (range 12) 11472 | -6/Garrison | Triggered checkpoint 11490 | -6/Garrison | Garrison Relay disabled 11604 | -6/Garrison | Triggered checkpoint 11672 | -6/Garrison | Lost 3 parts (1p1u1w) 11697 | -6/Garrison | Lost 3 allies 11820 | -6/Garrison | Spotted B-75 Beast 11827 | -6/Garrison | Found Relay Coupler [Proto] 11928 | -6/Garrison | Entered Factory 11928 | -5/Factory | Accompanied by 1 ally 11928 | -5/Factory | Evolved 2 slots: Utility x2 11999 | -5/Factory | Discovered new exit (range 9) 12228 | -5/Factory | First assault squad dispatched 12407 | -5/Factory | Discovered new exit (range 60) 12427 | -5/Factory | Discovered new exit (range 26) 12556 | -5/Factory | Lost 3 allies 12616 | -5/Factory | Found Hvy. Insulated Plating 12619 | -5/Factory | Found Hvy. Insulated Plating 12622 | -5/Factory | Found Hvy. Insulated Plating 12632 | -5/Factory | P-70 Sage assimilated allied Sentinel 6a 12742 | -5/Factory | Identified exit to Garrison 12742 | -5/Factory | Entered Garrison 12742 | -5/Garrison | Discovered recently destroyed garrison 12791 | -5/Garrison | Rescued a captive Derelict 13022 | -5/Garrison | Discovered new exit (range 8) 13052 | -5/Garrison | Expanded RIF knowledge: Structural Interface 13109 | -5/Garrison | Garrison Relay disabled 13149 | -5/Garrison | Garrison Relay disabled 13306 | -5/Garrison | P-80 Master assimilated allied Virus 6d 13366 | -5/Garrison | Garrison Relay disabled 13412 | -5/Garrison | Discovered new exit (range 5) 13431 | -5/Garrison | Garrison Relay disabled 13655 | -5/Garrison | Discovered new exit (range 11) 13701 | -5/Garrison | Garrison Relay disabled 13854 | -5/Garrison | Garrison Relay disabled 13908 | -5/Garrison | Entered Factory 13908 | -5/Factory | Accompanied by 8 allies 14273 | -5/Factory | Identified exit to Garrison 14284 | -5/Factory | Entered Garrison 14284 | -5/Garrison | Accompanied by 8 allies 14302 | -5/Garrison | Triggered checkpoint 14326 | -5/Garrison | Triggered checkpoint 14584 | -5/Garrison | P-70 Sage assimilated allied Fighter 6a 14618 | -5/Garrison | Spotted B-75 Beast 14631 | -5/Garrison | Allies destroyed B-75 Beast 14637 | -5/Garrison | Triggered checkpoint 14638 | -5/Garrison | Triggered checkpoint 14680 | -5/Garrison | Triggered checkpoint 14681 | -5/Garrison | Lost 12 allies 14689 | -5/Garrison | Garrison Relay disabled 14790 | -5/Garrison | Lost 9 allies 14912 | -5/Garrison | Triggered checkpoint 14953 | -5/Garrison | Expanded RIF knowledge: Autoassimilate 14977 | -5/Garrison | Garrison Relay disabled 15017 | -5/Garrison | Garrison Relay disabled 15147 | -5/Garrison | Discovered new exit (range 11) 15244 | -5/Garrison | Triggered checkpoint 15380 | -5/Garrison | Triggered checkpoint 15437 | -5/Garrison | Garrison Relay disabled 15466 | -5/Garrison | Discovered new exit (range 8) 15481 | -5/Garrison | Spotted B-75 Beast 15536 | -5/Garrison | Lost 3 allies 15566 | -5/Garrison | Destroyed B-75 Beast 15650 | -5/Garrison | Spotted B-90 Cyclops 15816 | -5/Garrison | Triggered checkpoint 15870 | -5/Garrison | Garrison Relay disabled 15892 | -5/Garrison | Found embedded Infiltrators 15974 | -5/Garrison | Discovered new exit (range 12) 16005 | -5/Garrison | Entered Factory 16005 | -4/Factory | Accompanied by 4 allies 16005 | -4/Factory | Evolved 2 slots: Utility x2 16537 | -4/Factory | Spotted B-86 Titan 16652 | -4/Factory | Discovered new exit (range 15) 17116 | -4/Factory | Discovered new exit (range 17) 17141 | -4/Factory | Identified exit to Garrison 17153 | -4/Factory | Entered Garrison 17153 | -4/Garrison | Accompanied by 6 allies 17243 | -4/Garrison | Triggered checkpoint 17305 | -4/Garrison | Lost 3 allies 17305 | -4/Garrison | Garrison Relay disabled 17358 | -4/Garrison | Spotted B-86 Titan 17370 | -4/Garrison | Assembled breached garrison interior 17663 | -4/Garrison | Garrison Relay disabled 17696 | -4/Garrison | Garrison Relay disabled 17806 | -4/Garrison | Discovered new exit (range 14) 17843 | -4/Garrison | Entered Research 17843 | -3/Research | Accompanied by 2 allies 17843 | -3/Research | Evolved 2 slots: Utility x2 17967 | -3/Research | Identified exit to Garrison 17967 | -3/Research | Entered Garrison 17967 | -3/Garrison | Accompanied by 4 allies 17987 | -3/Garrison | Triggered checkpoint 18039 | -3/Garrison | Triggered checkpoint 18054 | -3/Garrison | Garrison Relay disabled 18228 | -3/Garrison | Lost 6 allies 18260 | -3/Garrison | Lost 4 parts (1p2n1u) 18553 | -3/Garrison | Triggered checkpoint 18603 | -3/Garrison | Spotted B-86 Titan 18605 | -3/Garrison | Assimilated B-86 Titan with FLK Orb 18628 | -3/Garrison | Lost 4 allies 18677 | -3/Garrison | Triggered checkpoint 18691 | -3/Garrison | Heavy support dispatched to Research 18731 | -3/Garrison | Lost 3 allies 18907 | -3/Garrison | Garrison Relay disabled 18963 | -3/Garrison | Discovered new exit (range 8) 19003 | -3/Garrison | Triggered checkpoint 19100 | -3/Garrison | Garrison Relay disabled 19324 | -3/Garrison | Garrison Relay disabled 19849 | -3/Garrison | Triggered checkpoint 19893 | -3/Garrison | Discovered new exit (range 11) 19930 | -3/Garrison | Expanded RIF knowledge: Patrol Navigation 19951 | -3/Garrison | Triggered checkpoint 19973 | -3/Garrison | Garrison Relay disabled 20327 | -3/Garrison | Triggered checkpoint 20397 | -3/Garrison | Garrison Relay disabled 20417 | -3/Garrison | Triggered checkpoint 20472 | -3/Garrison | H-XX Assembler disabled 20613 | -3/Garrison | Learned Research security intel 20617 | -3/Garrison | Discovered new exit (range 3) 20643 | -3/Garrison | Entered Research 20643 | -3/Research | Accompanied by 7 allies 21048 | -3/Research | Spotted B-86 Titan 21067 | -3/Research | Allies destroyed B-86 Titan 21127 | -3/Research | Identified exit to Garrison 21132 | -3/Research | Entered Garrison 21132 | -3/Garrison | Accompanied by 8 allies 21423 | -3/Garrison | Garrison Relay disabled 21518 | -3/Garrison | Triggered checkpoint 21540 | -3/Garrison | Spotted B-86 Titan 21552 | -3/Garrison | P-80 Master assimilated allied Veteran 8h 21560 | -3/Garrison | Assimilated B-86 Titan with FLK Orb 21606 | -3/Garrison | Lost 10 allies 21673 | -3/Garrison | Found embedded Infiltrators 21710 | -3/Garrison | Discovered new exit (range 11) 21794 | -3/Garrison | Triggered checkpoint 21837 | -3/Garrison | Garrison Relay disabled 21885 | -3/Garrison | Expanded RIF knowledge: Program Shield 21968 | -3/Garrison | Triggered checkpoint 22040 | -3/Garrison | Triggered checkpoint 22052 | -3/Garrison | Garrison Relay disabled 22260 | -3/Garrison | Triggered checkpoint 22314 | -3/Garrison | Discovered new exit (range 10) 22328 | -3/Garrison | Triggered checkpoint 22361 | -3/Garrison | Garrison Relay disabled 22470 | -3/Garrison | Triggered checkpoint 22666 | -3/Garrison | Triggered checkpoint 22668 | -3/Garrison | Garrison Relay disabled 22717 | -3/Garrison | Discovered new exit (range 13) 22772 | -3/Garrison | Rewired Executioner 22775 | -3/Garrison | Rewired Executioner 22866 | -3/Garrison | Entered Research 22866 | -2/Research | Accompanied by 17 allies 22866 | -2/Research | Evolved 2 slots: Utility x2 22990 | -2/Research | Identified exit to Garrison 23015 | -2/Research | Entered Garrison 23015 | -2/Garrison | Accompanied by 17 allies 23053 | -2/Garrison | Triggered checkpoint 23093 | -2/Garrison | Garrison Relay disabled 23202 | -2/Garrison | Triggered checkpoint 23233 | -2/Garrison | Spotted B-90 Cyclops 23234 | -2/Garrison | Lost 3 allies 23253 | -2/Garrison | P-80 Master assimilated allied 3S-3TS(g) 23262 | -2/Garrison | Allies destroyed B-90 Cyclops 23334 | -2/Garrison | Lost 15 allies 23347 | -2/Garrison | Triggered checkpoint 23485 | -2/Garrison | Spotted Striker 23486 | -2/Garrison | Autoassimilated Striker with RIF 23487 | -2/Garrison | Spotted Executioner 23491 | -2/Garrison | Assimilated Executioner with formatsys_high 23506 | -2/Garrison | Discovered new exit (range 6) 23579 | -2/Garrison | Garrison Relay disabled 23646 | -2/Garrison | Triggered checkpoint 23656 | -2/Garrison | Learned Access security intel 23673 | -2/Garrison | Garrison Relay disabled 23823 | -2/Garrison | Triggered checkpoint 23890 | -2/Garrison | Garrison Relay disabled 23993 | -2/Garrison | Expanded RIF knowledge: Zone Cloak 24033 | -2/Garrison | Discovered new exit (range 3) 24171 | -2/Garrison | Lost 6 allies 24237 | -2/Garrison | Triggered checkpoint 24344 | -2/Garrison | Expanded RIF knowledge: Crosswire 24378 | -2/Garrison | Discovered new exit (range 10) 24397 | -2/Garrison | Triggered checkpoint 24400 | -2/Garrison | Garrison Relay disabled 24479 | -2/Garrison | Entered Access 24479 | -1/Access | Accompanied by 17 allies 24479 | -1/Access | Evolved 2 slots: Utility x2 24844 | -1/Access | Lost 3 allies 24942 | -1/Access | Lost 3 allies 25403 | -1/Access | Lost 5 allies 25974 | -1/Access | Lost 4 allies 26165 | -1/Access | Lost 4 allies 26356 | -1/Access | Lost 4 allies 26634 | -1/Access | Lost 4 allies 26800 | -1/Access | Found Corrupted Prototype Device 26876 | -1/Access | Discovered new exit (range 7) 26896 | -1/Access | Entered Command 26896 | -1/Command | Accompanied by 2 allies 27248 | -1/Command | Lost 3 allies 27495 | -1/Command | Spotted Executioner 27495 | -1/Command | Spotted Executioner 27495 | -1/Command | Spotted Striker 27495 | -1/Command | Spotted Alpha 7 27495 | -1/Command | Spotted Executioner 27495 | -1/Command | Spotted Executioner 27495 | -1/Command | Spotted Striker 27495 | -1/Command | Spotted Alpha 7 27496 | -1/Command | Spotted B-99 Colossus 27497 | -1/Command | Spotted B-99 Colossus 27511 | -1/Command | Core integrity fell below 50% 27519 | -1/Command | Core integrity fell below 20% 27528 | -1/Command | Destroyed by B-99 Colossus with Linear Accelerator Last Messages --------------- 27521_ Penetrated by Slug. 27521_ Kicked B-99 Colossus. 27524_ B-99 Colossus activates siege mode. 27524_ Kicked B-99 Colossus. 27524_ Centrium Leg destroyed. 27524_ Relay Coupler [Specialist] destroyed. 27524_ Penetrated by Slug. 27524_ Relay Coupler [C] destroyed. 27524_ Penetrated by Slug. 27524_ Slug penetrates Wall. 27525_ Penetrated by Slug. 27525_ Slug penetrates Striker. 27525_ Slug penetrates Wall. 27525_ Penetrated by Slug. 27525_ Slammed into B-99 Colossus. 27525_ Enh. Optical Array broken. 27525_ Destabilizing: Short circuit. 27526_ Wall collapses. 27526_ Slammed into B-99 Colossus. 27528_ Wall collapses. Map ----- +----------------------------------------------------+ | ##+####### #??????????????????????????????????? | | ## #???###################????????????? | | = ## #???# #????????????? | | ## #???# #????????????? | | ## ##### #????????????? | | ## + #????????????? | | """ ## ##### ! #????? ?????? | | """" ## #???# ! #????? #?????? | | ########## #???# #???? #?????? | | # ### ############+##########???? #?????? | | # #?????? | | " #?????? | | ! "T #?????? | | # #?????? | | # ############################## #?????? | | ### ###?????????????????????????????? ??????? | | ??# #??????????????????????????????? ?????????? | | ??# ################################ #??????????? | | ??# #??????????? | | ??# #??????????? | | ??# ########################### #??????????? | | ### #?????????????????????????# #??????????? | | # #?????????????????????????# !!*! #??????????? | | % # #??????????????????###????#!=%!! #??????????? | | # #??????????????????#%###??#!%|%!=#??????????? | | = # #?# ^ ^ ^ # # #@;%####!*!!! #??????????? | | # #??????????" BBKBB|!!!%*]% #####??????? | | # #??????????" ^^ BB7BB!+!=!!= +??????? | | # #??????????" ^EKEE [+%%%![ #??????? | | # #??????????" E 7 +]!* #??????? | | =[# #??????????"^ ^ ^ ^ + +??????? | | %# #??????????" ^ %^####+########??????? | | % # #??????? ^ ; # # # ###??????????????????? | | %# #?????? ;########????????????????????? | | # #????? #????????????????????????????? | | # #????##########?????????????????????????????? | | # #???????????????????????????????????????????? | | +## #???????????????????????????????????????????? | | #???????????????????????????????????????????? | | #???????????????????????????????????????????? | | #???????????????????????????????????????????? | | #???????????????????????????????????????????? | | #???????????????????????????????????????????? | | ####+#########???????????????????????????????????? | | # #???????????????????????????????????? | | # #???????????????????????????????????? | | # #???????????????????????????????????? | | # #???????????????????????????????????? | | # ! #???????????????????????????????????? | | # "" #???????????????????????????????????? | +----------------------------------------------------+ Best States ------------- Heat Dissipation 62 Energy Generation 25 Energy Capacity 350 Matter Stores 300 Matter Capacity 300 Sight Range 22 Terrain Scan Range 20 Terrain Scan Density 10 Base Temperature (-) 100 Armor Coverage 600 Resistance: EM 30 Evasion (%) 55 Targeting Accuracy 6 Armor Integrity Analysis 30 Recoil Reduction 3 Energy Filtering 30 Salvage Targeting 2 Defensive Hacking 10 Relay Coupler Types 12 Relay Coupler Value 457 Item Schematics ----------------- None Robot Schematics ------------------ None Fabricated ------------ Nothing Repaired ---------- Nothing Alien Tech Used ----------------- None Achievements -------------- None Challenges ------------ None Game ------ Seed ChainDeliveryArray Manual? 0 Play Time 03:47:28 Cumulative 363.5 hours Start 2025.06.29 @ 06:24:57 End 2025.06.29 @ 10:12:19 Sessions 1 Manual Loads 0 Difficulty Rogue Special Mode None Game No. 247 Rogue 247 Adventurer 0 Explorer 0 Win Type - Total 27 Types 21/0/4/2/0/0/0/0/0/0 Lore% 90 Gallery% 79 Achievement% 67 Wizard Run 0 Options --------- Layout 0 ASCII 1 Keyboard 1 Movement Arrows Keybinds 0 Fullscreen 2 Font 18/Terminus Map View 76x50 Zoom Use 0% Tactical HUD 1 Map Filters NONE Filters NONE Steam 1 RUN: 12f37976-14a6-466c-a24b-536f9bfea26b